 Dungeon Crawl Stone Soup version 0.31.0-2-g5a2aebc5c2 (webtiles) character file.

Game seed: 8690710058232432844

311840 Seven the Fencer (level 21, -8/266 HPs)
             Began as a Naga Alchemist on Jan 20, 2024.
             Was a High Priest of Elyvilon.
             Mangled by a freezing wraith (9 damage)
             ... while paralysed by a dread lich
             ... on level 5 of the Vaults on Jan 21, 2024.
             The game lasted 02:20:31 (48920 turns).

Seven the Fencer (Naga Alchemist)                  Turns: 48920, Time: 02:20:31

Health: -8/266     AC: 26    Str: 11    XL:     21   Next: 65%
Magic:  44/56      EV: -2    Int: 26    God:    Elyvilon [*****.]
Gold:   305        SH:  0    Dex: 24    Spells: 24/50 levels left

rFire   + + .        Q - +5 double sword (protect)
rCold   + + +        n - +2 kite shield {AC+3}
rNeg    + + +        p - +2 robe {rC+ rF+}
rPois   +            o - +2 hat
rElec   +            y - +2 cloak {rCorr}
rCorr   +            T - +2 pair of gloves
SInv    +            s - +1 barding {rF+}
Will    ++...        q
                       - Hermit's Pendant {Faith Invo=14 Evo=0 MP+5}
Stlth   ++++         J - ring of Qar Qesm {rElec rC+ Dex+6}
HPRegen 0.64/turn    L - ring "Wyffavia" {^Contam rC+ rN+++ Int+6 Stlth+}
MPRegen 0.35/turn

%: faith
@: paralysed, divinely vigorous, hasted and slowed, constricted, studying 2
skills, very slow
A: AC +7, large, see invisible, deformed body, poison resistance, slowness 2,
spit poison 1, naga tail 2
}: 1/15 runes: serpentine
a: Spit Poison, Renounce Religion, Purification, Heal Other, Heal Self, Divine
Vigour


You were on level 5 of the Vaults.
You worshipped Elyvilon.
Elyvilon was extremely pleased with you.
You visited 6 branches of the dungeon, and saw 34 of its levels.
You visited 2 bazaars.
You also visited: Ossuary and Gauntlet.

You collected 3707 gold pieces.
You spent 3402 gold pieces at shops.

Inventory:

Hand Weapons
 Q - a +5 double sword of protection (weapon)
Missiles
 S - 2 throwing nets
Armour
 a - a +1 barding of flying
 n - a +2 kite shield of protection (worn)
 o - a +2 hat (worn)
 p - a +2 robe of resistance (worn)
 s - a +1 barding of fire resistance (worn)
 y - a +2 cloak of preservation (worn)
 T - a +2 pair of gloves (worn)
Jewellery
 q - the Hermit's Pendant (around neck) {Faith Invo=14 Evo=0 MP+5}
   (You found it on level 3 of the Dungeon)

   [amulet of faith]

   Invo=14: It sets your Invocations skill to 14.
   Evo=0: It sets your Evocations skill to 0.
   Faith:     It allows you to gain divine favour quickly.
   MP+5:      It affects your magic capacity (+5).
 A - an amulet of reflection
 E - an amulet of regeneration
 J - the ring of Qar Qesm (left hand) {rElec rC+ Dex+6}
   (You bought it in a shop in a bazaar)

   [ring of dexterity]

   Dex+6:     It affects your dexterity (+6).
   rC+:       It protects you from cold.
   rElec:     It insulates you from electricity.
 L - the ring "Wyffavia" (right hand) {^Contam rC+ rN+++ Int+6 Stlth+}
   (You acquired it on level 9 of the Dungeon)

   [ring of intelligence]

   Int+6:     It affects your intelligence (+6).
   rC+:       It protects you from cold.
   rN+++:     It renders you almost immune to negative energy.
   ^Contam:   It causes magical contamination when unequipped.
   Stlth+:    It makes you more stealthy.
Wands
 k - a wand of roots (15)
 r - a wand of digging (7)
Scrolls
 d - 17 scrolls of identify
 f - a scroll of brand weapon
 h - 5 scrolls of amnesia
 j - 9 scrolls of blinking
 l - 6 scrolls of revelation
 m - a scroll of fear
 F - a scroll of silence
 G - 6 scrolls of teleportation
 K - 5 scrolls of fog
 M - a scroll of summoning
 N - 4 scrolls of enchant armour
 P - 2 scrolls of vulnerability
 V - 4 scrolls of poison
Potions
 b - 3 potions of magic
 c - 3 potions of cancellation
 e - 10 potions of brilliance
 g - 5 potions of enlightenment
 i - 5 potions of haste
 v - 10 potions of lignification
 w - 18 potions of curing
 x - 6 potions of heal wounds
 z - 6 potions of might
 B - 6 potions of mutation
 C - 4 potions of berserk rage
 D - a potion of invisibility
 I - 3 potions of ambrosia
 O - 2 potions of resistance


   Skills:
 + Level 18.7 Fighting
 + Level 19.1 Long Blades
 - Level 1.5 Dodging
 - Level 3.0 Stealth
 + Level 18.2 Shields
 - Level 15.0 Spellcasting
 - Level 1.0 Conjurations
 - Level 8.9 Fire Magic
 - Level 12.0 Alchemy


You had 24 spell levels left.
You knew the following spells:

 Your Spells              Type           Power      Damage    Failure   Level
a - Sting                 Conj/Alch      100%       1d9       1%          1
b - Mephitic Cloud        Conj/Alch/Air  42%        N/A       2%          3
c - Olgreb's Toxic Radia  Alch           70%        N/A       1%          4
d - Sticky Flame          Fire/Alch      65%        2d11      1%          4
e - Eringya's Noxious Bo  Alch           35%        4d6       4%          6
f - Leda's Liquefaction   Alch/Erth      25%        N/A       3%          4
g - Petrify               Alch/Erth      50%        N/A       3%          4

Your spell library contained the following spells:

 Spells                   Type           Power      Damage    Failure   Level
 Mercury Vapours          Alch/Air       100%       N/A       1%          2
 Scorch                   Fire           100%       2d9       1%          2
 Alistair's Intoxication  Alch           46%        N/A       1%          5
 Shock                    Conj/Air       88%        1d8       3%          1
 Apportation              Tloc           38%        N/A       4%          1
 Sandblast                Erth           38%        2d10      4%          1
 Momentum Strike          Conj/Tloc      44%        3d9       5%          2
 Static Discharge         Conj/Air       44%        3-5/arc   5%          2
 Flame Wave               Conj/Fire      45%        2d12      6%          4
 Jinxbite                 Hex            38%        N/A       7%          2
 Summon Blazeheart Golem  Fire/Summ      42%        N/A       7%          4
 Dazzling Flash           Conj/Hex       44%        N/A       11%         3
 Hailstorm                Conj/Ice       22%        3d7       11%         3
 Stone Arrow              Conj/Erth      44%        3d9       11%         3
 Yara's Violent Unravell  Hex/Alch       25%        3d11      11%         5
 Frozen Ramparts          Ice            38%        1d6       14%         3
 Ozocubu's Armour         Ice            19%        N/A       14%         3
 Passwall                 Erth           19%        N/A       14%         3
 Summon Ice Beast         Ice/Summ       19%        N/A       14%         3
 Fireball                 Conj/Fire      22%        3d10      16%         5
 Brom's Barrelling Bould  Conj/Erth      22%        2d4       36%         4
 Airstrike                Air            9%         2d(2-18)  41%         4
 Anguish                  Hex/Necr       9%         N/A       41%         4
 Animate Armour           Summ/Erth      38%        N/A       41%         4
 Cause Fear               Hex            9%         N/A       41%         4
 Manifold Assault         Tloc           19%        N/A       41%         4
 Summon Lightning Spire   Summ/Air       19%        N/A       41%         4
 Vhi's Electric Charge    Tloc/Air       38%        N/A       41%         4
 Sculpt Simulacrum        Ice/Alch       25%        N/A       52%         6
 Arcjolt                  Conj/Air       11%        1d21      71%         5
 Freezing Cloud           Conj/Ice/Air   10%        6-21      73%         5
 Plasma Beam              Fire/Air       21%        2x1d33    73%         6
 Borgnjor's Vile Clutch   Necr/Erth      9%         N/A       77%         5
 Curse of Agony           Necr           19%        N/A       77%         5
 Lee's Rapid Deconstruct  Erth           9%         3d7*      77%         5
 Metabolic Englaciation   Hex/Ice        9%         N/A       77%         5
 Silence                  Hex/Air        9%         N/A       77%         5
 Bombard                  Conj/Erth      11%        9d3       99%         6
 Dispersal                Tloc           9%         N/A       100%        6
 Summon Cactus Giant      Summ           9%         N/A       100%        6
 Enfeeble                 Hex            9%         N/A       100%        7
 Orb of Destruction       Conj           12%        9d7       100%        7
 Spellforged Servitor     Conj/Summ      11%        N/A       100%        7
 Disjunction              Tloc           9%         N/A       100%        8
 Lehudib's Crystal Spear  Conj/Erth      11%        10d4      100%        8
 Dragon's Call            Summ           9%         N/A       100%        9
 Shatter                  Erth           9%         3d11*     100%        9


Dungeon Overview and Level Annotations

Branches:
Dungeon (15/15)            Temple (0/1) D:7            Lair (5/5) D:9
 Shoals (0/4) Lair:3        Snake (4/4) Lair:2        Slime (0/5) Lair:4
    Orc (2/2) D:9             Elf (0/3) Orc:2        Vaults (5/5) D:14
  Crypt (0/3) Vaults:2     Depths (3/4) D:15        Ossuary (visited)
Gauntlet (visited)

Altars:
Ashenzari
Cheibriados
Elyvilon
Gozag
Kikubaaqudgha
Makhleb
Nemelex Xobeh
Okawaru
Qazlal
Ru
Sif Muna
Trog
Uskayaw
Vehumet
Wu Jian
Xom
Yredelemnul
Jiyva

Shops:
D:1 !   D:3 (   D:6 *   D:7 [   D:9 (   D:10 :   D:15 ((?   Orc:2 *[=(
Snake:2 *?**=   Snake:4 *   Vaults:3 (!(:

Portals:
Hell: Depths:1 Depths:2
Pandemonium: Depths:2

Annotations:
D:9 3 runed translucent doors, bnnuy's ghost, novice MiBe
Vaults:5 Mara
Depths:3 Margery


Innate Abilities, Weirdness & Mutations

Your serpentine skin is tough. (AC +7)
You have supernaturally acute eyesight. (SInv)
Armour fits poorly on your strangely shaped body.
Your system is resistant to poisons. (rPois)
You cover ground very slowly.
You can spit poison.
You can use your snake-like lower body to constrict enemies.


Message History

The tengu reaver pecks you but does no damage.
The tengu reaver claws you.
* * * LOW HITPOINT WARNING * * *
The lich touches you but does no damage.
The freezing wraith hits you but does no damage.
The freezing wraith hits you!
* * * LOW HITPOINT WARNING * * *
The tentacled monstrosity tentacle-slaps you.
* * * LOW HITPOINT WARNING * * *
The tentacled monstrosity tentacle-slaps you but does no damage. x2
The tentacled monstrosity constricts you.
The yaktaur captain wields a +0 arbalest.
The yaktaur captain shoots a bolt.
The bolt barely misses the lich.
The bolt hits you!
* * * LOW HITPOINT WARNING * * *
The sun demon hits you.
* * * LOW HITPOINT WARNING * * *
You are engulfed in flames.
You resist.
* * * LOW HITPOINT WARNING * * *
The komodo dragon changes into an unseen horror!
The quicksilver dragon bites you but does no damage.
The quicksilver dragon claws you!
* * * LOW HITPOINT WARNING * * *
The lich touches you but does no damage.
The dread lich casts a spell at you. You resist with significant effort.
The quicksilver dragon bites you! Elyvilon protects you from harm!
The quicksilver dragon completely misses you.
The ironbound preserver hits you but does no damage.
The sun demon hits you but does no damage.
The tengu reaver hits you but does no damage.
The tengu reaver pecks you.
* * * LOW HITPOINT WARNING * * *
The tengu reaver claws you but does no damage.
The tentacled monstrosity tentacle-slaps you but does no damage. x2
The tentacled monstrosity completely misses you.
The tentacled monstrosity constricts you.
* * * LOW HITPOINT WARNING * * *
The freezing wraith hits you!
You die...

## #....# #. ##.#
#....#c#.#.
#.#!##.....#.#.#.
#.#.#....#.#.#.#
#..........#.#
#####.....[)[#.###
.......y[.........
......pDL<)[......
......W@X2<[....§.
.....eL3Qx:)[.....
#####4.e)[[[.#####
.......[.....
...R.#....#....
......#....#......
##....#....##.....
#....#....# .....


You could see Mara (very poisoned), a tentacled monstrosity (extremely
poisoned), an ironbound preserver (extremely poisoned), a dread lich
(invisible), a cacodemon (summoned), a quicksilver dragon (poisoned), a tengu
reaver (repels missiles, very poisoned), a lich (fast, invisible), a yaktaur
captain, a deep elf sorcerer (fast), a sun demon (summoned), a deep elf
demonologist (very poisoned), an ice devil (summoned), a freezing wraith, a
queen bee shaped shifter and an unseen horror shaped shifter (invisible).

Vanquished Creatures
  Xtahua (Vaults:2)
  Sojobo (Depths:1)
  Boris (Vaults:2)
  Saint Roka (D:14)
  Vashnia (Snake:2)
  2 golden dragons
  Nikola (Vaults:1)
  Jorgrun (Orc:1)
  A lich (Vaults:3)
  3 titans
  Asterion (Vaults:2)
  Frances (D:14)
  Gastronok (Lair:3)
  3 sphinxes
  4 tengu reavers
  3 storm dragons (Depths:2)
  Aizul (Snake:3)
  6 fire giants
  Donald (Snake:1)
  A deep elf sorcerer (Vaults:4)
  5 nagarajas (Snake:4)
  14 vault wardens
  5 frost giants
  An orc warlord (Orc:2)
  18 ironbound preservers
  A spriggan defender (Depths:2)
  6 very ugly things
  A formless jellyfish (Vaults:1)
  6 stone giants
  2 ironbound thunderhulks
  A vampire knight (Vaults:2)
  Nessos (Lair:3)
  2 deep elf death magi (Vaults:3)
  A war gargoyle (Vaults:4)
  A minotaur (Gauntlet)
  Snorg (Orc:2)
  3 crystal guardians
  5 ettins
  8 spark wasps (Depths:2)
  Josephine (Lair:4)
  2 entropy weavers
  3 fire dragons
  7 yaktaur captains
  7 great orbs of eyes
  29 vault guards
  2 rakshasas (Depths:1)
  2 spriggan air magi
  2 peacekeepers
  A salamander tyrant (Snake:4)
  6 hydras
  A hell beast (Depths:2)
  2 ogre magi (Vaults:3)
  7 centaur warriors
  6 ice dragons
  5 boulder beetles
  7 anacondas
  5 ironbound frosthearts
  A catoblepas (D:14)
  3 deep troll shamans (Depths:2)
  A death knight (D:15)
  5 two-headed ogres
  20 naga warriors
  3 deep troll earth magi
  A tengu warrior (Depths:1)
  A shock serpent (shapeshifter) (Vaults:4)
  Urug (Lair:4)
  7 naga sharpshooters
  5 shock serpents
  4 spriggan berserkers
  Sonja (Orc:2)
  5 orc high priests (Orc:2)
  A skyshark (shapeshifter) (Vaults:4)
  Nergalle (Lair:3)
  4 skysharks
  A fire crab (shapeshifter) (Vaults:4)
  A titan zombie (Depths:2)
  2 iron trolls (Depths:2)
  6 salamander mystics (Snake:4)
  4 sea snakes (Snake:2)
  10 arcanists
  Lodul (D:13)
  A flayed ghost (Depths:1)
  61 deep trolls
  A glowing orange brain (Depths:2)
  7 naga ritualists
  10 mana vipers
  A steelbarb worm (shapeshifter) (Vaults:4)
  22 ironbound convokers
  2 necromancers
  2 phantasmal warriors
  7 orc knights
  A deep elf pyromancer (D:15)
  A sea snake (shapeshifter) (Vaults:4)
  An ugly thing (shapeshifter) (Vaults:4)
  10 lindwurms
  28 ugly things
  An oklob plant (Lair:4)
  A wolf spider (Gauntlet)
  6 orc sorcerers
  5 cyclopes
  A moth of wrath (shapeshifter) (Vaults:4)
  A moth of wrath (Gauntlet)
  10 salamanders
  A worldbinder (Gauntlet)
  4 manticores
  A frost giant skeleton (Depths:2)
  50 black mambas
  6 elephants
  4 guardian serpents
  An orange demon (D:9)
  15 vault sentinels
  A rust devil (D:9)
  A torpor snail (shapeshifter) (Depths:1)
  12 naga magi
  An elf skeleton (Vaults:3)
  17 cane toads
  3 kobold demonologists
  4 rime drakes
  2 tengu conjurers (Depths:1)
  42 yaktaurs
  10 komodo dragons
  An unseen horror (D:12)
  A freezing wraith (Vaults:3)
  8 trolls
  2 red devils (D:9)
  A polar bear (Lair:3)
  A tarantella (Vaults:5)
  Grinder (D:6)
  A queen bee (shapeshifter) (D:13)
  5 hornets
  26 blink frogs
  3 tyrant leeches (Lair:5)
  A stone giant simulacrum (Vaults:3)
  A dream sheep (Lair:3)
  16 slime creatures
  Sigmund (D:5)
  4 vampires
  A shadow (D:12)
  4 spriggans
  4 wyverns
  35 yaks
  7 wraiths
  A human (shapeshifter) (Vaults:4)
  5 basilisks
  2 wargs
  2 neqoxecs (D:9)
  2 humans (Vaults:3)
  4 redbacks
  5 vampire mosquitoes
  A golden eye (shapeshifter) (D:13)
  A steam dragon (D:9)
  Menkaure (D:6)
  A glowing shapeshifter zombie (Vaults:3)
  An acid dragon (D:11)
  A chaos spawn (D:9)
  58 nagas
  12 water moccasins
  2 human skeletons
  A glowing shapeshifter skeleton (Depths:2)
  35 orc warriors
  14 ogres
  3 black bears
  An ice beast (D:3)
  2 laughing skulls (D:11)
  8 boggarts
  10 wolves
  A phantom (D:7)
  10 centaurs
  5 kobold brigands
  21 bullfrogs
  4 gnoll sergeants
  2 scorpions
  10 wights
  2 electric eels (Lair:1)
  2 howler monkeys (D:10)
  4 crimson imps (D:7)
  A bombardier beetle (D:4)
  16 jellies
  13 orc priests
  4 hounds
  Crazy Yiuf (D:4)
  A gnoll bouda (D:7)
  A human zombie (Ossuary)
  Ijyb (D:3)
  Natasha (twice) (D:3)
  Terence (D:3)
  3 iguanas
  25 orc wizards
  A sleepcap (D:8)
  7 hell rats (Lair:4)
  A hound zombie (Ossuary)
  4 mummies (Ossuary)
  32 gnolls
  6 adders
  2 white imps
  2 adder zombies (Ossuary)
  A dart slug (D:3)
  3 ribbon worms
  59 orcs
  5 bats
  4 endoplasms
  7 giant cockroaches
  8 goblins
  5 hobgoblins
  4 jackals
  33 kobolds
  6 quokkas
  6 ball pythons
  A frilled lizard (D:1)
  2 goblin zombies (Ossuary)
  A hobgoblin zombie (Ossuary)
  A kobold zombie (Ossuary)
  3 rats
  2 rat zombies (Ossuary)
1289 creatures vanquished.

Vanquished Creatures (collateral kills)
  A gnoll (D:9)
  An adder zombie (Ossuary)
  An orc zombie (Ossuary)
3 creatures vanquished.

Vanquished Creatures (others)
  3 centaur warriors
  A gnoll sergeant (D:9)
  An orc (D:9)
5 creatures vanquished.

Grand Total: 1297 creatures vanquished

Notes
Turn   | Place    | Note
-------+----------+-------------------------------------------
     0 | D:1      | Seven the Naga Alchemist began the quest for the Orb.
     0 | D:1      | Reached XP level 1. HP: 15/15 MP: 3/3
   120 | D:1      | Found Pigiumn's Distillery.
   142 | D:1      | Reached XP level 2. HP: 22/22 MP: 1/5
   532 | D:1      | Reached XP level 3. HP: 28/28 MP: 4/6
   536 | D:1      | Learned a level 3 spell: Mephitic Cloud
  1298 | D:2      | Found a basalt altar of Yredelemnul.
  1762 | D:3      | Noticed Ijyb
  1844 | D:3      | Reached skill level 5 in Alchemy
  1874 | D:3      | Noticed an ice beast
  2024 | D:3      | Noticed a scorpion
  2029 | D:3      | Killed a scorpion
  2030 | D:3      | Reached XP level 4. HP: 27/36 MP: 3/8
  2095 | D:3      | Noticed Terence
  2179 | D:4      | Reached XP level 5. HP: 42/42 MP: 3/9
  2399 | D:4      | Noticed an orc warrior
  2421 | D:3      | Noticed Natasha
  2430 | D:3      | Killed Natasha
  2436 | D:3      | Noticed Natasha
  2610 | D:4      | Found a runed translucent door.
  2611 | D:4      | Noticed Crazy Yiuf
  2720 | D:4      | Killed an orc warrior
  2721 | D:4      | Reached XP level 6. HP: 32/49 MP: 2/11
  2796 | D:4      | Found a bloodstained altar of Trog.
  2802 | D:4      | Learned a level 4 spell: Olgreb's Toxic Radiance
  2808 | D:4      | Learned a level 4 spell: Sticky Flame
  2817 | D:4      | Found a shimmering blue altar of Sif Muna.
  2827 | D:4      | Got Sif Muna's Codex of the Transposed Squall
  3021 | D:4      | Found a broken altar of Ashenzari.
  3143 | D:4      | Reached XP level 7. HP: 55/55 MP: 4/13
  3603 | D:4      | Killed Crazy Yiuf
  3687 | D:3      | Killed Ijyb
  3767 | D:3      | Found Batab's Antique Weapon Emporium.
  3774 | D:3      | Killed Natasha
  3840 | D:3      | Found a faded altar of an unknown god.
  3840 | D:3      | Found the Hermit's Pendant {Faith Invo=14 Evo=0 MP+5}
  4063 | D:3      | Found a white marble altar of Elyvilon.
  4071 | D:3      | Became a worshipper of Elyvilon the Healer
  4084 | D:3      | Noticed a +0 short sword
  4084 | D:3      | Noticed a +0 dagger
  4085 | D:3      | Noticed a +0 spear
  4085 | D:3      | Noticed a +0 short sword
  4085 | D:3      | Noticed a +0 falchion
  4085 | D:3      | Noticed a +0 falchion
  4086 | D:3      | Noticed a +0 dagger
  4112 | D:3      | Noticed a +0 spear
  4209 | D:3      | Found a hide-covered altar of Uskayaw.
  4456 | D:3      | Killed Terence
  4816 | D:5      | Entered Level 5 of the Dungeon
  4869 | D:5      | Noticed Sigmund
  4874 | D:5      | Killed Sigmund
  4875 | D:5      | Reached skill level 5 in Spellcasting
  4875 | D:5      | Reached XP level 8. HP: 56/62 MP: 16/18
  5057 | D:5      | Reached * piety under Elyvilon
  5225 | D:5      | Reached skill level 1 in Fire Magic
  5634 | D:5      | Reached ** piety under Elyvilon
  5854 | D:6      | Found a stormy altar of Qazlal.
  5910 | D:6      | Found a sand-covered staircase.
  5914 | Ossuary  | Entered an ossuary
  6298 | D:6      | Reached *** piety under Elyvilon
  6583 | D:6      | Reached skill level 5 in Fire Magic
  6874 | D:6      | Noticed Menkaure
  6879 | D:6      | Killed Menkaure
  6880 | D:6      | Reached XP level 9. HP: 60/68 MP: 15/19
  7049 | D:6      | Noticed Grinder
  7056 | D:6      | Killed Grinder
  7138 | D:6      | Found Gegeceog's Overcharged Wands.
  7353 | D:7      | Found a snail-covered altar of Cheibriados.
  7353 | D:7      | Found Cheibriados's Comfort Zone.
  7694 | D:7      | Found a sparkling altar of Nemelex Xobeh.
  7858 | D:7      | Reached **** piety under Elyvilon
  7928 | D:7      | Noticed a cyclops
  7935 | D:7      | Killed a cyclops
  8025 | D:7      | Reached skill level 1 in Fighting
  8137 | D:7      | Found an ancient bone altar of Kikubaaqudgha.
  8192 | D:7      | Found a staircase to the Ecumenical Temple.
  8209 | D:7      | Found a shimmering altar of Xom.
  8507 | D:7      | Found a burning altar of Makhleb.
  8528 | D:7      | Found a radiant altar of Vehumet.
  8535 | D:7      | Found a basalt altar of Yredelemnul.
  8541 | D:7      | Found an iron altar of Okawaru.
  8660 | D:8      | Reached ***** piety under Elyvilon
  8685 | D:8      | Reached XP level 10. HP: 47/85 MP: 11/20
  8871 | D:8      | Reached skill level 5 in Fighting
  9245 | D:8      | Reached skill level 1 in Shields
  9478 | D:8      | Found an ornate altar of the Wu Jian Council.
  9943 | D:9      | Found a staircase to the Orcish Mines.
  9943 | D:9      | Found Kenecs's Weapon Boutique.
  9986 | D:9      | Noticed an elephant
  9998 | D:9      | Killed an elephant
 10380 | D:9      | Noticed a kobold demonologist
 10381 | D:9      | Noticed a kobold demonologist
 10388 | D:9      | Killed a kobold demonologist
 10395 | D:9      | Killed a kobold demonologist
 10396 | D:9      | Reached skill level 5 in Shields
 10396 | D:9      | Reached XP level 11. HP: 85/103 MP: 3/21
 10452 | D:9      | Identified a scroll of acquirement
 10452 | D:9      | Acquired the ring "Wyffavia" {^Contam rC+ rN+++ Int+6
                  | Stlth+}
 10455 | D:9      | HP: 4/103 [gnoll/+0 spear[a gnoll sergeant] (5)]
 10653 | D:9      | Found a runed translucent gate.
 10666 | D:9      | Found a runed translucent gate.
 10667 | D:9      | Found a runed translucent gate.
 10668 | D:9      | Noticed bnnuy's ghost (novice MiBe)
 10670 | D:9      | Found a viscous altar of Jiyva.
 10839 | D:9      | Found a staircase to the Lair.
 10981 | Lair:1   | Entered Level 1 of the Lair of Beasts
 11001 | Lair:1   | Found a gate leading to a gauntlet.
 11011 | Gauntlet | Entered a Gauntlet
 11011 | Gauntlet | Found a transporter.
 11011 | Gauntlet | Found a transporter.
 11012 | Gauntlet | Noticed a worldbinder
 11019 | Gauntlet | Found a transporter.
 11024 | Gauntlet | Found a transporter.
 11033 | Gauntlet | Found a transporter.
 11036 | Gauntlet | Found a transporter.
 11038 | Gauntlet | Noticed a death drake
 11043 | Gauntlet | Found a runed translucent door.
 11046 | Gauntlet | Found a transporter.
 11058 | Gauntlet | Noticed a wolf spider
 11059 | Gauntlet | Noticed an entropy weaver
 11060 | Gauntlet | Found a transporter.
 11074 | Gauntlet | Found a transporter.
 11078 | Gauntlet | Found a transporter.
 11078 | Gauntlet | Noticed a moth of wrath
 11089 | Gauntlet | Found a transporter.
 11090 | Gauntlet | Found a transporter.
 11140 | Gauntlet | Noticed a red very ugly thing
 11140 | Gauntlet | Noticed a purple very ugly thing
 11140 | Gauntlet | Killed a worldbinder
 11145 | Gauntlet | Noticed a catoblepas
 11183 | Gauntlet | Killed a moth of wrath
 11358 | Gauntlet | Killed a wolf spider
 11361 | Gauntlet | Killed an entropy weaver
 11568 | Gauntlet | Identified the +4 ring mail "Pepumar" {rCorr Str-5 Dex+6}
 11568 | Gauntlet | Noticed a minotaur
 11578 | Gauntlet | Killed a minotaur
 11590 | Gauntlet | Identified the +0 ring mail of Makhleb's Inspiration {Harm}
 11593 | Gauntlet | Identified the ring "Vupu" {Str+3 Dex+6}
 11735 | Lair:1   | Reached skill level 1 in Long Blades
 12019 | Lair:1   | Reached skill level 10 in Fighting
 12019 | Lair:1   | Reached skill level 2 in Long Blades
 12383 | Lair:1   | Reached skill level 3 in Long Blades
 12696 | Lair:1   | Reached skill level 4 in Long Blades
 12696 | Lair:1   | Reached XP level 12. HP: 87/118 MP: 12/22
 12944 | Lair:1   | Noticed a six-headed hydra
 13006 | Lair:2   | Reached skill level 5 in Long Blades
 13342 | Lair:2   | Noticed a five-headed hydra
 13352 | Lair:2   | Killed a five-headed hydra
 13557 | Lair:2   | Found a staircase to the Snake Pit.
 13563 | Lair:2   | Identified the +0 chain mail of Insecurity {Rampage}
 13681 | Lair:2   | Reached skill level 6 in Long Blades
 13839 | Lair:2   | Identified the +0 leather armour of Shadows and Fog {rElec
                  | Will+}
 14217 | Lair:3   | Noticed Nergalle
 14217 | Lair:3   | Noticed a skyshark
 14496 | Snake:1  | Entered Level 1 of the Snake Pit
 14523 | Lair:3   | Reached skill level 7 in Long Blades
 14534 | Lair:3   | Noticed Nessos
 14546 | Lair:3   | Killed Nessos
 14599 | Lair:3   | Noticed a boulder beetle
 14606 | Lair:3   | Killed a boulder beetle
 14927 | Lair:3   | Reached skill level 8 in Long Blades
 14974 | Lair:3   | Killed a skyshark
 14975 | Lair:3   | Gained mutation: You can use your snake-like lower body to
                  | constrict enemies. [Naga growth]
 14975 | Lair:3   | Reached XP level 13. HP: 103/130 MP: 8/23
 15100 | Lair:3   | Found a staircase to the Shoals.
 15127 | Lair:3   | Killed Nergalle
 15403 | Lair:3   | Noticed Gastronok
 15437 | Lair:3   | Killed Gastronok
 15438 | Lair:3   | Reached skill level 9 in Long Blades
 15903 | Lair:3   | Found the +3 pair of seven-league boots {Rampage+∞}
 16107 | Lair:4   | Noticed Urug
 16118 | Lair:4   | Killed Urug
 16181 | Lair:4   | Found an ornate altar of the Wu Jian Council.
 16368 | Lair:4   | Noticed Josephine
 16379 | Lair:4   | Killed Josephine
 16380 | Lair:4   | Reached skill level 10 in Long Blades
 17099 | Lair:4   | Found a staircase to the Slime Pits.
 17100 | Lair:4   | Found a viscous altar of Jiyva.
 18099 | Lair:5   | Entered Level 5 of the Lair of Beasts
 18494 | Lair:5   | Reached skill level 11 in Long Blades
 18506 | Lair:5   | Found an opulent altar of Gozag.
 18597 | Lair:5   | Reached XP level 14. HP: 49/145 MP: 5/24
 19172 | Lair:5   | Reached skill level 15 in Fighting
 19273 | Lair:5   | Reached ****** piety under Elyvilon
 19364 | Lair:5   | Reached skill level 12 in Long Blades
 20855 | D:9      | Reached skill level 13 in Long Blades
 21231 | D:10     | Entered Level 10 of the Dungeon
 21256 | D:10     | Found Cythreji's Tiny Tomes.
 21718 | D:10     | Found a snail-covered altar of Cheibriados.
 22956 | D:12     | Reached skill level 14 in Long Blades
 23836 | D:13     | Noticed Lodul
 23848 | D:13     | Killed Lodul
 23860 | D:13     | HP: 2/147 [burnt (25)]
 24237 | D:13     | Reached skill level 15 in Long Blades
 24494 | D:13     | Reached XP level 15. HP: 143/154 MP: 25/25
 24671 | D:14     | Found a gate to the Vaults.
 25137 | D:14     | Noticed Frances
 25152 | D:14     | Killed Frances
 25689 | D:15     | Entered Level 15 of the Dungeon
 25715 | D:15     | Found Mauwk's Antique Weapon Shop.
 25738 | D:15     | Elyvilon protects you from harm!
 25768 | D:15     | Found Seviz's Magic Scroll Boutique.
 25794 | D:15     | Found a flickering gateway to a bazaar.
 25800 | Bazaar   | Entered a bazaar
 26052 | Bazaar   | Found Etoal's Jewellery Emporium.
 26052 | Bazaar   | Found Riffua's Armour Shoppe.
 26073 | Bazaar   | Found Resad's Assorted Antiques.
 26088 | Bazaar   | Found Luyhek's Book Emporium.
 26088 | Bazaar   | Found Qoipruttiff's Jewellery Shoppe.
 26109 | Bazaar   | Found Viufatt's Assorted Antiques.
 26109 | Bazaar   | Found Bogifetria's Magic Scroll Shoppe.
 26168 | Bazaar   | Bought Great Wizards, Vol. II for 380 gold pieces
 26175 | Bazaar   | Learned a level 6 spell: Eringya's Noxious Bog
 26189 | Bazaar   | Bought a scroll of blinking for 165 gold pieces
 26203 | Bazaar   | Bought the ring of Qar Qesm {rElec rC+ Dex+6} for 741 gold
                  | pieces
 26253 | Bazaar   | Bought a scroll of blinking for 127 gold pieces
 26253 | Bazaar   | Bought a scroll of enchant armour for 127 gold pieces
 26259 | Bazaar   | Bought a scroll of teleportation for 54 gold pieces
 26287 | Bazaar   | Bought 2 potions of brilliance for 176 gold pieces
 26585 | D:15     | Found Nuriejovu's Antique Weapon Emporium.
 27313 | D:15     | Found a staircase to the Depths.
 27724 | Orc:1    | Entered Level 1 of the Orcish Mines
 28081 | Orc:1    | Reached skill level 16 in Long Blades
 28331 | Orc:2    | Entered Level 2 of the Orcish Mines
 28469 | Orc:2    | Noticed Snorg
 28473 | Orc:2    | Noticed Sonja
 28479 | Orc:2    | Killed Snorg
 28480 | Orc:2    | Reached skill level 10 in Alchemy
 28485 | Orc:2    | Killed Sonja
 29251 | Orc:2    | Found a staircase to the Elven Halls.
 29590 | Orc:2    | Noticed an orc warlord
 29601 | Orc:2    | Killed an orc warlord
 29772 | Orc:2    | Found Acaasivvao's Antique Armour Shoppe.
 29773 | Orc:2    | Found Nuapedes's Antique Weapon Emporium.
 29775 | Orc:2    | Found Jinwel's General Store.
 29775 | Orc:2    | Found Mimemadi's Jewellery Shoppe.
 29793 | Orc:2    | Bought a faintly humming ring mail for 234 gold pieces
 29793 | Orc:2    | Identified the +3 ring mail of Thoughtfulness {Regen+} (You
                  | bought it in a shop on level 2 of the Orcish Mines)
 29793 | Orc:2    | Bought a pair of glowing gloves for 195 gold pieces
 29988 | Orc:1    | Noticed Jorgrun
 29997 | Orc:1    | Killed Jorgrun
 30367 | Snake:1  | Reached XP level 16. HP: 159/163 MP: 26/27
 30450 | Snake:1  | Found an ornate altar of the Wu Jian Council.
 30466 | Snake:1  | Noticed Donald
 30503 | Snake:1  | Killed Donald
 31399 | Snake:2  | Found Firaemae's Magic Scroll Boutique.
 31494 | Snake:2  | Found Ugipual's General Store.
 31494 | Snake:2  | Found Taofulef's General Store.
 31494 | Snake:2  | Noticed Vashnia
 31622 | Snake:2  | Identified the +11 falchion of Wounding {elec, Int+3}
 32077 | Snake:3  | Gained mutation: You occasionally shout uncontrollably at
                  | your foes. [mutagenic glow]
 32185 | Snake:2  | Reached skill level 10 in Shields
 32237 | Snake:2  | Lost mutation: You occasionally shout uncontrollably at
                  | your foes. [potion of mutation]
 32237 | Snake:2  | Gained mutation: Your tail ends in a venomous barb. [potion
                  | of mutation]
 32237 | Snake:2  | Lost mutation: Your tail ends in a venomous barb. [potion
                  | of mutation]
 32354 | Snake:2  | Found Tosaafuv's Assorted Antiques.
 32445 | Snake:2  | Bought a potion of mutation for 336 gold pieces
 32555 | Snake:2  | Bought a scroll of enchant armour for 105 gold pieces
 32555 | Snake:2  | Bought a scroll of teleportation for 42 gold pieces
 32555 | Snake:2  | Found Behut's Jewellery Shop.
 32717 | Snake:2  | Killed Vashnia
 33509 | Snake:3  | Identified the serpent talisman of Insurance {rC+ rCorr
                  | MP+9}
 33509 | Snake:3  | Noticed Aizul
 33522 | Snake:3  | Killed Aizul
 33523 | Snake:3  | Reached skill level 10 in Spellcasting
 33998 | Snake:4  | Entered Level 4 of the Snake Pit
 34034 | Snake:4  | Reached XP level 17. HP: 154/172 MP: 25/31
 35134 | Snake:4  | Found Coeticar's General Store.
 35172 | Snake:4  | Got Sif Muna's Commentary on the Quake
 36094 | Snake:4  | Got a serpentine rune of Zot
 36339 | Depths:1 | Entered Level 1 of the Depths
 36380 | Depths:1 | Found a gateway to Hell.
 36441 | Depths:1 | Noticed Sojobo
 36446 | Depths:1 | Paralysed by an air elemental for 1 turns
 36523 | Depths:1 | Killed Sojobo
 36856 | Depths:1 | Reached XP level 18. HP: 122/181 MP: 30/34
 36935 | Depths:1 | Learned a level 4 spell: Leda's Liquefaction
 36940 | Depths:1 | Learned a level 4 spell: Petrify
 37150 | Depths:1 | Found a sacrificial altar of Ru.
 38208 | Depths:2 | Found a one-way gate leading to the halls of Pandemonium.
 39237 | Depths:2 | Noticed a titan
 39247 | Depths:2 | Killed a titan
 39321 | Depths:2 | Noticed a golden dragon
 39332 | Depths:2 | Killed a golden dragon
 39413 | Depths:2 | Noticed a titan
 39423 | Depths:2 | Killed a titan
 39674 | Depths:2 | Identified the +2 leather armour of Yredelemnul's Favour
                  | {rElec Will+ rCorr Int-4}
 39828 | Depths:3 | Noticed Margery
 39828 | Depths:3 | Noticed a searing wretch
 39928 | Vaults:1 | Entered Level 1 of the Vaults
 39928 | Vaults:1 | Noticed Saint Roka
 39939 | D:14     | Killed Saint Roka
 40098 | Vaults:1 | Reached XP level 19. HP: 170/193 MP: 16/37
 41233 | Vaults:1 | Identified the +2 robe of Circular Logic {rF- Will+ Int+5}
 41385 | Vaults:1 | Noticed Nikola
 41398 | Vaults:1 | Killed Nikola
 41599 | Vaults:1 | Reached skill level 15 in Shields
 42237 | Vaults:2 | Noticed Xtahua
 42272 | Vaults:2 | Killed Xtahua
 42593 | Vaults:2 | Reached skill level 15 in Spellcasting
 43920 | Vaults:2 | Noticed Asterion
 43931 | Vaults:2 | Killed Asterion
 44044 | Vaults:2 | Found a staircase to the Crypt.
 44159 | Vaults:2 | Noticed Boris
 44175 | Vaults:2 | Killed Boris
 44176 | Vaults:2 | Reached XP level 20. HP: 138/204 MP: 39/39
 44508 | Vaults:3 | Found Qixt's Book Shoppe.
 44619 | Vaults:3 | Found Xucvet's Antique Weapon Emporium.
 44700 | Vaults:3 | Found Carupy's Antique Weapon Shop.
 44768 | Vaults:3 | Found Xofruipize's Distillery.
 44782 | Vaults:3 | Reached skill level 17 in Long Blades
 44795 | Vaults:3 | Found a flickering gateway to a bazaar.
 44809 | Bazaar   | Entered a bazaar
 44809 | Bazaar   | Found Unezxage's Weapon Shoppe.
 44809 | Bazaar   | Found Omueli Athaa's Antique Weapon Emporium.
 44813 | Bazaar   | Found Utogeky's Weapon Shoppe.
 44916 | Bazaar   | Found Cianaito's Antique Weapon Emporium.
 45802 | Vaults:3 | Identified the granite talisman of Vlad {Int+2}
 46141 | Vaults:3 | Got the Codex of the Burning Impact
 46238 | Vaults:3 | Bought a potion of curing for 45 gold pieces
 46238 | Vaults:3 | Bought 2 potions of mutation for 240 gold pieces
 46238 | Vaults:3 | Bought a potion of haste for 150 gold pieces
 46238 | Vaults:3 | Bought a potion of curing for 45 gold pieces
 46238 | Vaults:3 | Bought 2 potions of cancellation for 240 gold pieces
 47034 | Vaults:4 | Identified the +4 dagger of Greed {heavy, *Noise Dex+5}
 47124 | Vaults:4 | Identified the +6 dire flail of Ihogozis {speed, ^Drain rN+
                  | Str+3 Dex+3}
 47202 | Vaults:4 | Reached skill level 18 in Long Blades
 47494 | Vaults:4 | Reached XP level 21. HP: 162/275 MP: 23/52
 48394 | Vaults:5 | Entered Level 5 of the Vaults
 48416 | Vaults:5 | Noticed a golden dragon
 48423 | Vaults:5 | Reached skill level 19 in Long Blades
 48423 | Vaults:5 | Noticed Mara
 48481 | Vaults:4 | Killed a golden dragon
 48904 | Vaults:5 | Noticed a dread lich
 48918 | Vaults:5 | Paralysed by a dread lich for 4 turns
 48920 | Vaults:5 | HP: 8/266 [quicksilver dragon (9)]
 48920 | Vaults:5 | Elyvilon protects you from harm!
 48920 | Vaults:5 | HP: 1/266 [constriction (5)]
 48920 | Vaults:5 | Mangled by a freezing wraith

Illustrated notes

Levels and vault maps discovered:
D:1:      nicolae_arrival_memento_mori, layout_rooms, serial_shops, shop
D:2:      layout_loops_corners, basic_altar
D:3:      layout_loops_corners, nicolae_uskayaw_en_pointe, elyvilon_altar_1,
          serial_shops, nicolae_shop_waterfront, kennysheep_cross_room,
          minmay_misc_feat_plants, hellmonk_guarded_unrand_hermit, uniq_ijyb,
          uniq_terence, uniq_natasha
D:4:      layout_loops_ring, nzn_overflow_gifts_of_might_and_magic,
          evilmike_ruin_ashenzari, minmay_misc_feat_doors,
          uniq_crazy_yiuf_cottage
D:5:      layout_loops_corners, minmay_stone_trees_medium, uniq_sigmund
D:6:      layout_loops_corners, nicolae_qazlal_general_emergency,
          enter_ossuary_5, nicolae_shop_overcharged_wands, uniq_grinder,
          uniq_menkaure
D:7:      layout_loops_ring, led_xom_imps, mainiacjoe_overflow_paths,
          mainiacjoe_overflow_six_doors_small,
          nicolae_overflow_macrodata_refinement, minmay_temple_entry_overgrown,
          minmay_shop_chei
D:8:      layout_cave_pools, pdpol_wu_jian_five_deadly_venoms
D:9:      layout_loops_ring, grunt_lair_entry_orc_guard_hut, orc_david_3,
          gammafunk_ghost_ooze, minmay_strange_pillars, nicolae_neqoxec_dot_bat
D:10:     layout_roguey, lemuel_tele_altar, nicolae_shop_i_like_small_books_too
D:11:     layout_small_grid
D:12:     layout_roguey
D:13:     layout_rooms, grunt_ogre_cave, uniq_lodul
D:14:     layout_long_grid, david_vaults_5, kennysheep_path_1, uniq_frances
D:15:     hellmonk_depths_entry_around_the_bend, layout_loops_ring,
          serial_shops, freezing_bzr, nicolae_shop_stone,
          nicolae_shop_peninsula, nicolae_lakefront_shop, corexii_hall_statues_i
Lair:1:   cheibrodos_lair_river_kwai, layout_loops_ring, gauntlet_entry_generic,
          serial_bayou_shore_a
Lair:2:   layout_regular_city, minmay_snake_entry_guardpost_small, minivault_24
Lair:3:   layout_concentric_octagons, elwin_shoals_entry_rocks,
          grunt_forest_stairs_basic, st_stairs_10,
          hellmonk_guarded_unrand_seven_league_boots, uniq_nergalle,
          uniq_gastronok, uniq_nessos
Lair:4:   layout_cave_pods, minmay_slime_entry_jelly_boxes, basic_altar,
          serial_bayou_shore_b, serial_bayou_shore_b, uniq_josephine, uniq_urug
Lair:5:   minmay_lair_end_frog_pond, layout_concentric_octagons, basic_altar
Snake:1:  layout_cave_shapes, basic_altar, uniq_donald
Snake:2:  layout_basic, serial_shops, shop, minmay_snake_pond,
          grunt_megastairs_5, serial_bayou_shore_b, minmay_shoptagon,
          uniq_vashnia
Snake:3:  layout_concentric_octagons, uniq_aizul
Snake:4:  minmay_snake_end_coiled, layout_chambers, serial_shops,
          nicolae_shop_getting_attention, nicolae_snake_coiling_death
Orc:1:    layout_diamond_mine, guppyfry_library_mini, uniq_jorgrun
Orc:2:    st_orc_congregation, layout_diamond_mine, uniq_snorg, uniq_sonja
Vaults:1: nicolae_vaults_network_star, ontoclasm_vaults_ring_small,
          ontoclasm_vaults_spin, nicolae_vaults_tetromino_T_2,
          nicolae_vaults_little_squares_5, v_misc_14, grunt_vaults_focal,
          nicolae_vaults_heart-shaped_vault, nicolae_vaults_more_shelving_2,
          nicolae_vaults_big_ls, nicolae_vaults_mini_display_case,
          layout_vaults_ring, uniq_saint_roka, uniq_nikola
Vaults:2: nicolae_vaults_apartment_2, nicolae_vaults_surprise_closet,
          vaults_room_pool, hangedman_vaults_variations,
          nicolae_vaults_offset_grid_hallway_3, ontoclasm_vaults_chip,
          nicolae_vaults_tetromino_Z_1, minmay_crypt_entry_vampire_xt,
          vaults_dpeg_diagonal, nicolae_vaults_closet_pinwheel_4,
          nicolae_vaults_trapezoid_layered, layout_vaults_big_cross,
          uniq_asterion, uniq_xtahua, uniq_boris
Vaults:3: ontoclasm_vaults_ring_large, hangedman_vaults_nails,
          hangedman_vaults_stream, hangedman_vaults_capsules,
          hangedman_vaults_slice, nicolae_vaults_more_shelving_1,
          nicolae_vaults_specimen_jars, nicolae_vaults_heart-shaped_vault,
          nicolae_vaults_library_corner, vaults_room_door_ring,
          layout_vaults_omnigrid, serial_shops, bzr_entry_customers,
          nicolae_shop_back_alley_shop, nicolae_shop_tiny_glass,
          nicolae_shop_window_shopping, nicolae_shop_tiny_statue_garden
Vaults:4: hangedman_vaults_trim, ontoclasm_vaults_twist, v_pattern_1,
          nicolae_vaults_frosty_reception,
          vaults_standard_mumra_enter_the_diamond, ontoclasm_vaults_ring_large,
          ontoclasm_vaults_chip, v_rooms_6, v_alt_pattern_4,
          nicolae_vaults_loss_of_containment, nicolae_vaults_tetromino_T_1,
          nicolae_vaults_little_squares_1, layout_vaults_big_room
Vaults:5: uniq_mara
Depths:1: layout_gridville, hangedman_ru_absence, hell_entry,
          kennysheep_just_a_vault, nicolae_triple_integral, uniq_sojobo
Depths:2: grunt_house_of_mirrors, layout_cave_shapes, rand_demon_pan_entry_1,
          skrybe_limestone_x, hell_entry, infiniplex_staircase_hallway_doors
Depths:3: minmay_crescents, layout_twisted_cross, enter_ziggurat_a,
          abyss_entry_flame_altar, grunt_hell_entry_dis_grunt, special_room
          [special_room_morgue], infiniplex_staircase_diamond, st_stairs_8,
          uniq_margery

Skill      XL: |  1  2  3  4  5  6  7  8  9 10 11 12 13 14 15 16 17 18 19 20 21 |
---------------+----------------------------------------------------------------+-----
Alchemy        | 4 5 6 7 8 9 11 12 | 12.0
Spellcasting   | 3 4 5 6 7 10 12 14 15 | 15.0
Fire Magic     | 5 8 |  8.9
Fighting       | 4 8 10 12 14 15 16 17 18 | 18.7
Shields        | 5 7 9 10 13 14 15 17 18 | 18.2
Long Blades    | 4 8 11 15 16 18 19 | 19.1
Dodging        | |  1.5
Stealth        | |  3.0
Conjurations   | |  1.0

Action                     |  1- 3 |  4- 6 |  7- 9 | 10-12 | 13-15 | 16-18 | 19-21 || total
---------------------------+-------+-------+-------+-------+-------+-------+-------++-------
  Melee: Unarmed           |     2 |       |       |       |       |       |       ||     2
         Mace              |     2 |     6 |    35 |       |       |       |       ||    43
         Dagger            |     1 |       |       |       |       |       |       ||     1
         Hand axe          |       |       |    23 |    73 |       |       |       ||    96
         Double sword      |       |       |       |   107 |   556 |   726 |   823 ||  2212
         Constrict         |       |       |       |       |   140 |   158 |   212 ||   510
   Cast: Sting             |    47 |    45 |    78 |    33 |    84 |     8 |     7 ||   302
         Mephitic Cloud    |       |     2 |     5 |    23 |    25 |    14 |    20 ||    89
         Olgreb's Toxic Ra |       |     3 |    18 |    68 |   106 |    31 |    71 ||   297
         Sticky Flame      |       |       |    30 |    51 |   154 |   186 |   152 ||   573
         Eringya's Noxious |       |       |       |       |     2 |    17 |     8 ||    27
         Leda's Liquefacti |       |       |       |       |       |     2 |       ||     2
 Invoke: Heal Self         |       |       |       |    10 |     7 |     6 |     9 ||    32
         Divine Vigour     |       |       |       |       |     2 |     3 |     2 ||     7
Ability: Spit Poison       |    37 |    22 |    35 |    48 |   100 |    22 |    23 ||   287
  Evoke: Wand              |       |       |     2 |    10 |    21 |       |       ||    33
    Use: Scroll            |       |       |    14 |    14 |     7 |    11 |     3 ||    49
         Potion            |       |       |       |       |     6 |     3 |     1 ||    10
   Stab: Confused          |       |       |       |     6 |    15 |     5 |     9 ||    35
         Distracted        |       |       |       |       |     2 |       |       ||     2
         Sleeping          |       |       |       |       |     1 |     5 |     1 ||     7
 Armour: Robe              |    23 |    25 |   136 |   224 |   514 |   159 |   883 ||  1964
         Leather armour    |       |       |       |    40 |    89 |       |       ||   129
         Troll leather arm |       |       |       |       |    86 |   597 |       ||   683
  Dodge: Dodged            |    13 |    13 |    87 |   106 |   164 |   170 |   186 ||   739
  Block: Buckler           |       |       |       |    73 |   143 |       |       ||   216
         Kite shield       |       |       |       |       |   147 |   586 |   835 ||  1568
